 Dungeon Crawl Stone Soup version 0.29-a0-1009-g60c99734e7 (webtiles) character file.

Game seed: 13134665790364021787

98 leavemydog the Conjurer (level 4, 0/24 HPs)
             Began as a Deep Elf Conjurer on Aug 8, 2022.
             Slain by an orc
             ... wielding a +0 whip
              (5 damage)
             ... on level 3 of the Dungeon.
             The game lasted 00:02:39 (2557 turns).

leavemydog the Conjurer (Deep Elf Conjurer)         Turns: 2557, Time: 00:02:40

Health: 0/24       AC:  3    Str:  6    XL:     4   Next: 44%
Magic:  9/11       EV: 16    Int: 29    God:
Gold:   115        SH:  0    Dex: 13    Spells: 7/10 levels left

rFire   . . .      SeeInvis .   c - +0 short sword (elec)
rCold   . . .      Faith    .   (no shield)
rNeg    . . .      Spirit   .   a - +0 robe
rPois   .          Reflect  .   j - +0 helmet
rElec   .          Harm     .   (no cloak)
rCorr   .          Rampage  .   (no gloves)
Will    .....                   (no boots)
Stlth   ++........              (no amulet)
HPRegen 0.08/turn               p - +4 ring of evasion
MPRegen 0.12/turn               g - +6 ring of intelligence

@: no status effects
A: no striking features
a: no special abilities


You were on level 3 of the Dungeon.
You visited 1 branch of the dungeon, and saw 3 of its levels.

You collected 115 gold pieces.

Inventory:

Hand Weapons
 c - a +0 short sword of electrocution (weapon)
Armour
 a - a +0 robe (worn)
 j - a +0 helmet (worn)
Jewellery
 g - a +6 ring of intelligence (right hand)
 p - a +4 ring of evasion (left hand)
Scrolls
 e - a scroll of fog {unknown}
 h - a scroll of teleportation {unknown}
 m - a scroll of poison {unknown}
 n - a scroll of noise {unknown}
 o - 2 scrolls of brand weapon {unknown}
 q - a scroll of blinking {unknown}
Potions
 b - a potion of magic
 d - a potion of berserk rage {unknown}
 f - a potion of might {unknown}
 i - a potion of heal wounds {unknown}
 k - a potion of flight {unknown}
 l - a potion of degeneration {unknown}


   Skills:
 - Level 2.4 Dodging
 - Level 2.4 Stealth
 + Level 3.9 Spellcasting
 + Level 6.1 Conjurations


You had 7 spell levels left.
You knew the following spells:

 Your Spells              Type           Power      Damage    Failure   Level
a - Magic Dart            Conj           100%       1d8       1%          1
b - Searing Ray           Conj           82%        2d7       1%          2

Your spell library contained the following spells:

 Spells                   Type           Power      Damage    Failure   Level
 Dazzling Flash           Conj/Hex       46%        N/A       6%          3
 Fulminant Prism          Conj/Hex       11%        3d9       21%         4
 Iskenderun's Mystic Bla  Conj/Tloc      23%        2d6       21%         4


Dungeon Overview and Level Annotations

Branches:
Dungeon (3/15)

Altars:

Shops:
D:1 !


Message History

The goblin shouts!
There is an open door here.
The magic dart hits the goblin.
You kill the goblin!
q - a scroll labelled GOIL JIBOPP A ball python comes into view.
A ball python is nearby!
The magic dart hits the ball python!
You kill the ball python!
You can't see any susceptible monsters within range! (Use Z to cast anyway.) 2 orcs and an orc wizard come into view.
There are monsters nearby!
The magic dart hits the orc wizard.
The orc wizard is moderately wounded.
The magic dart hits the orc wizard.
The orc wizard is severely wounded.
The orc shouts! x2
An orc comes into view. It is wielding a +0 trident.
The magic dart hits the orc wizard.
The orc wizard is almost dead.
The orc wizard mumbles some strange words.
The orc wizard flickers and vanishes!
Deactivating autopickup; reactivate with Ctrl-A.
Casting: Magic Dart (safe; 1% risk of failure)
Confirm with . or Enter, or press ? or * to list all spells.
Okay, then.
Casting: Magic Dart (safe; 1% risk of failure)
Confirm with . or Enter, or press ? or * to list all spells.
You don't know that spell.
Found a helmet.
A magic dart appears from out of thin air!
The magic dart hits you!
Found 2 brown potions.
Found a stone staircase leading down.
You open the door. The orc hits you with a +0 mace.
You hear some strange, mumbled words.
A puff of flame appears from out of thin air!
The puff of flame hits you!
* * * LOW HITPOINT WARNING * * *
The orc hits you with a +0 whip.
You die...

.# .# .# .# .# .#
############
.###############...........
...............'..........>
...####.########@{........!
...####'########oo.........
...##............o.........
...##....................[.
...##......................
...##...........##########.
#####...........# ..
#......)....# .8
#...........#


You could see 3 orcs.

Vanquished Creatures
  Terence (D:2)
  A gnoll (D:1)
  An adder (D:2)
  A dart slug (D:1)
  4 ball pythons
  5 bats
  3 endoplasms
  6 giant cockroaches
  7 goblins
  4 hobgoblins (D:1)
  4 kobolds
  3 quokkas
  4 frilled lizards
  5 rats
49 creatures vanquished.

Notes
Turn   | Place    | Note
-------+----------+-------------------------------------------
     0 | D:1      | leavemydog the Deep Elf Conjurer began the quest for the
                  | Orb.
     0 | D:1      | Reached XP level 1. HP: 10/10 MP: 6/6
    92 | D:1      | Found Hahouroon's Distillery.
   164 | D:1      | Reached XP level 2. HP: 15/15 MP: 5/8
   274 | D:1      | Reached skill level 5 in Conjurations
   470 | D:1      | Reached XP level 3. HP: 19/19 MP: 5/9
   631 | D:1      | Learned a level 2 spell: Searing Ray
  1672 | D:2      | Noticed Terence
  1681 | D:2      | Killed Terence
  1682 | D:2      | Reached XP level 4. HP: 17/24 MP: 1/11
  1837 | D:2      | Reached skill level 6 in Conjurations
  2557 | D:3      | Slain by an orc

Illustrated notes

Levels and vault maps discovered:
D:1:      lemuel_arrival_funnel, layout_basic, serial_shops, shop
D:2:      layout_loops_corners, grunt_decor_mini_mirrors, uniq_terence
D:3:      layout_basic, grunt_gozag_statues, nicolae_overflow_squiral,
          chequers_serial_rivers_small_3, uniq_crazy_yiuf_cottage, uniq_natasha

Skill      XL: |  1  2  3  4 |
---------------+-------------+-----
Conjurations   | 5 6 |  6.1
Dodging        | |  2.4
Stealth        | |  2.4
Spellcasting   | |  3.9

Action                   |  1- 3 |  4- 6 || total
-------------------------+-------+-------++-------
 Cast: Magic Dart        |    68 |    22 ||    90
       Searing Ray       |     2 |       ||     2
Armor: Robe              |     2 |     1 ||     3
Dodge: Dodged            |     7 |     3 ||    10

Table legend: (Time is in decaauts)
 A = Elapsed time spent in this place.
 B = Non-inter-level travel time spent in this place.
 C = Inter-level travel time spent in this place.
 D = Time resting spent in this place.
 E = Time spent auto-exploring this place.
 F = Levels seen in this place.
 G = Mean time per level.
                   A        B        C        D        E       F      G
               +--------+--------+--------+--------+--------+-----+--------+
         Total |   2555 |   2474 |     81 |    194 |   2078 |   3 |  851.7 |
       Dungeon |   2555 |   2474 |     81 |    194 |   2078 |   3 |  851.7 |
               +--------+--------+--------+--------+--------+-----+--------+

Top non-repeatable levels by time:
     D:1: 1352 daAuts
     D:2: 1122 daAuts
     D:3: 79 daAuts
